 Dungeon Sprint DCSS version 0.21-a0-401-g0b6bec4 (webtiles) character file.

328 Kidiri the Skirmisher (level 6, -12/53 HPs)
             Began as a Demonspawn Monk on Oct 26, 2017.
             Was a Priest of Wu Jian.
             Mangled by a snapping turtle (22 damage)
             ... in the Dungeon (Sprint VII: "The Pits").
             The game lasted 00:05:19 (994 turns).

Kidiri the Skirmisher (Demonspawn Monk)              Turns: 994, Time: 00:05:21

Health: -12/53     AC:  2    Str: 12    XL:     6   Next: 25%
Magic:  0/6        EV: 16    Int: 11    God:    Wu Jian [***...]
Gold:   0          SH:  0    Dex: 17    Spells: 5/5 levels left

rFire    . . .     SeeInvis .   a - +2 falchion
rCold    . . .     Gourm    .   (no shield)
rNeg     . . .     Faith    .   b - +0 robe
rPois    .         Spirit   +   (no helmet)
rElec    .         Reflect  .   (no cloak)
rCorr    .         Harm     .   (no gloves)
MR       .....     NoTele   +   (no boots)
Stlth    ++........             (no amulet)
HPRegen  0.17/turn              (no ring)
MPRegen  0.10/turn              (no ring)

@: glowing, serpent's lash, heavenly storm
A: powered by pain 2, magic shield
a: Renounce Religion


You were in the Dungeon.
You worshipped Wu Jian.
Wu Jian was most pleased with you.
You were not hungry.

You visited 1 branch

Inventory:

Hand Weapons
 a - a +2 falchion (weapon)
Missiles
 q - 8 stones (quivered)
Armour
 b - a +0 robe (worn)
Scrolls
 i - a scroll of blinking
 l - 3 scrolls of remove curse
 m - 5 scrolls of amnesia
 n - a scroll of summoning
Potions
 d - 6 potions of curing
 e - 3 potions of heal wounds
 f - a potion of haste
 g - 4 potions of magic
 h - 2 potions of berserk rage
 j - 2 potions of brilliance {unknown}
 k - 2 potions of invisibility
Comestibles
 c - 8 bread rations
 o - 40 fruits
 p - 7 meat rations
 r - a chunk of flesh


   Skills:
 * Level 6.7 Fighting
 * Level 6.1 Long Blades
 + Level 3.5 Throwing
 + Level 3.4 Armour
 * Level 6.1 Dodging
 * Level 6.1 Stealth


You had 5 spell levels left.
You didn't know any spells.

Dungeon Overview and Level Annotations

Branches:
Dungeon (1/1)

Altars:
Ashenzari
Cheibriados
Dithmenos
Elyvilon
Fedhas
Gozag
Hepliaklqana
Kikubaaqudgha
Makhleb
Nemelex Xobeh
Okawaru
Qazlal
Ru
Sif Muna
Trog
Uskayaw
Vehumet
Wu Jian
Xom
Yredelemnul
Zin
The Shining One
Beogh
Jiyva
Lugonu

Annotations:
D exclusions: 6 doors and 6 more exclusions


Innate Abilities, Weirdness & Mutations

You sometimes gain power by taking damage.
When hurt, damage is shared between your health and your magic reserves.


Message History

You hit the snapping turtle.
The snapping turtle is heavily wounded.
The snapping turtle bites you!!
You focus on the pain.
You feel your power returning.
You slash the snapping turtle!
The snapping turtle is severely wounded.
You hear a bark!
The snapping turtle bites you!!
* * * LOW HITPOINT WARNING * * *
You hear an angry hiss.
You hit the snapping turtle.
The snapping turtle is severely wounded.
You hear a bark!
The snapping turtle closely misses you.
You riposte.
You hit the snapping turtle.
The snapping turtle is severely wounded.
You hit the snapping turtle but do no damage.
The snapping turtle is severely wounded.
The snapping turtle bites you!!
You die...

#.#..+[))).##.......#
#.#..#[))).##.......#
#'###########.......#
#.÷.....# #########
#.###...# #.#.....#
#.#...#.#+#
#.....#.#t+
#...###.#@#
#.......+§#
###########


You could see a snapping turtle.

Vanquished Creatures
  A phantom (D)
  A big kobold (D)
  A gnoll sergeant (D)
  Jessica (D)
  A worker ant (D)
  4 gnolls (D)
  An adder (D)
  An ooze (D)
  A leopard gecko (D)
  An orc (D)
  A bat zombie (D)
  A goblin (D)
  A hobgoblin (D)
  A frilled lizard (D)
  A leopard gecko skeleton (D)
  A leopard gecko zombie (D)
  A quokka zombie (D)
20 creatures vanquished.

Notes
Turn   | Place    | Note
-------+----------+-------------------------------------------
     0 | D        | Kidiri the Demonspawn Monk began the quest for the Orb.
     0 | D        | Reached XP level 1. HP: 18/18 MP: 1/1
    70 | D        | Found a bloodstained altar of Trog.
    70 | D        | Found a deep blue altar of Sif Muna.
    70 | D        | Found a viscous altar of Jiyva.
    70 | D        | Found a hazy altar of Hepliaklqana.
    70 | D        | Found an opulent altar of Gozag.
    71 | D        | Found a glowing golden altar of the Shining One.
    71 | D        | Found a glowing silver altar of Zin.
    71 | D        | Found a basalt altar of Yredelemnul.
    71 | D        | Found a shimmering altar of Xom.
    71 | D        | Found an ornate altar of the Wu Jian Council.
    71 | D        | Found a sacrificial altar of Ru.
    71 | D        | Found a stormy altar of Qazlal.
    71 | D        | Found an iron altar of Okawaru.
    71 | D        | Found a sparkling altar of Nemelex Xobeh.
    71 | D        | Found a burning altar of Makhleb.
    71 | D        | Found a blossoming altar of Fedhas.
    71 | D        | Found a white marble altar of Elyvilon.
    71 | D        | Found a shadowy altar of Dithmenos.
    71 | D        | Found a snail-covered altar of Cheibriados.
    73 | D        | Found a radiant altar of Vehumet.
    73 | D        | Found a corrupted altar of Lugonu.
    73 | D        | Found a roughly hewn altar of Beogh.
    74 | D        | Found a hide-covered altar of Uskayaw.
    74 | D        | Found an ancient bone altar of Kikubaaqudgha.
    74 | D        | Found a shattered altar of Ashenzari.
    80 | D        | Became a worshipper of the Wu Jian Council
    80 | D        | Reached * piety under Wu Jian
    80 | D        | Reached ** piety under Wu Jian
   150 | D        | Noticed a worker ant
   158 | D        | Killed a worker ant
   158 | D        | Reached skill level 1 in Throwing
   158 | D        | Reached skill level 1 in Armour
   158 | D        | Gained mutation: You sometimes gain a little power by taking damage. [demonic ancestry]
   158 | D        | Reached XP level 2. HP: 20/25 MP: 2/2
   160 | D        | Reached *** piety under Wu Jian
   160 | D        | Gained mutation: When hurt, damage is shared between your health and your magic reserves. [demonic ancestry]
   160 | D        | Reached XP level 3. HP: 24/30 MP: 3/3
   222 | D        | Noticed Jessica
   392 | D        | Killed Jessica
   392 | D        | Reached **** piety under Wu Jian
   567 | D        | Noticed a big kobold
   569 | D        | Noticed a phantom
   575 | D        | Noticed a gnoll sergeant
   585 | D        | Killed a big kobold
   585 | D        | Reached skill level 5 in Fighting
   585 | D        | Reached XP level 4. HP: 39/39 MP: 4/4
   592 | D        | Gained mutation: You sometimes gain power by taking damage. [demonic ancestry]
   592 | D        | Reached XP level 5. HP: 36/44 MP: 5/5
   630 | D        | Reached skill level 5 in Long Blades
   630 | D        | Reached skill level 5 in Dodging
   630 | D        | Reached skill level 5 in Stealth
   658 | D        | Killed a phantom
   658 | D        | Reached ***** piety under Wu Jian
   658 | D        | Reached XP level 6. HP: 14/53 MP: 4/6
   989 | D        | Noticed a snapping turtle
   994 | D        | Mangled by a snapping turtle

Vault maps used:
D:        pitsprint

Skill      XL: |  1  2  3  4  5 |
---------------+----------------+-----
Long Blades    | 3 4 6 |  6.1
Dodging        | 3 4 6 |  6.1
Stealth        | 2 3 4 6 |  6.1
Fighting       | 4 5 6 |  6.7
Throwing       | 1 2 3 |  3.5
Armour         | 1 2 3 |  3.4

Action                   |  1- 3 |  4- 6 || total
-------------------------+-------+-------++-------
Melee: Falchion          |    45 |    50 ||    95
Throw: Stone             |     4 |     3 ||     7
Invok: Serpent's Lash    |     1 |     4 ||     5
       Heavenly Storm    |       |     1 ||     1
  Use: Potion            |     1 |     3 ||     4
 Stab: Sleeping          |     1 |     1 ||     2
Armor: Robe              |     4 |     2 ||     6
Dodge: Dodged            |    28 |    32 ||    60
       Rpst.: Falchion   |     9 |    11 ||    20

Table legend:
 A = Spawn XP
 B = Non-spawn XP
 C = Spawn XP percentage of total XP
 D = Spawn monster count
 E = Non-spawn monster count
 F = Spawn count percentage of total count
 G = Total turns spent on level
                    A         B        C        D         E        F      G
               +---------+---------+-------+---------+---------+-------+---------
         Total |       0 |     469 |   0.0 |       0 |      20 |   0.0 |   994
               +---------+---------+-------+---------+---------+-------+---------
             D |       0 |     469 |   0.0 |       0 |      20 |   0.0 |   994
               +---------+---------+-------+---------+---------+-------+---------
